 Dungeon Crawl Stone Soup version 0.31-a0-564-g3b7de120b3 (webtiles) character file.

Game seed: 13723575694822042492

119 dialectric the Ruffian (level 4, -2/32 HPs)
             Began as a Demonspawn Shapeshifter on Aug 17, 2023.
             Succumbed to Sigmund's poison
             ... on level 3 of the Dungeon.
             The game lasted 00:02:30 (2147 turns).

dialectric the Ruffian (Demonspawn Shapeshifter)    Turns: 2147, Time: 00:02:31

Health: -2/32      AC:  2    Str: 17    XL:     4   Next: 74%
Magic:  4/4        EV: 12    Int: 10    God:
Gold:   97         SH:  0    Dex: 13    Spells: 3/3 levels left

rFire   . .          .
                       - Unarmed
rCold   . . .        (no shield)
rNeg    . . .        a - +0 animal skin
rPois   .            (helmet currently unavailable)
rElec   .            (cloak currently unavailable)
rCorr   .            (gloves currently unavailable)
SInv    .            (boots currently unavailable)
Will    .....        (no amulet)
Stlth   ++           (no ring)
HPRegen 0.25/turn    (no ring)
MPRegen 0.09/turn

%: no passive effects
@: lethally poisoned (-2 -> -29), beast-form
A: beast (slay +2), claws 2, powered by pain 1
a: Begin Untransformation


You were on level 3 of the Dungeon.
You were a hulking beast.
You visited 1 branch of the dungeon, and saw 3 of its levels.

You collected 97 gold pieces.

Inventory:

Missiles
 g - 10 poisoned darts (quivered)
Armour
 a - a +0 animal skin (worn)
 h - a +0 pair of boots
Jewellery
 m - a ring of poison resistance
 q - a ring of magical power
Talismans
 c - a beast talisman (active)
 d - a flux talisman
Scrolls
 e - a scroll of vulnerability {unknown}
 i - 2 scrolls of identify {unknown}
 j - a scroll of blinking {unknown}
 k - a scroll of teleportation {unknown}
 l - a scroll of noise {unknown}
 o - a scroll of butterflies {unknown}
 p - a scroll of fog {unknown}
 r - a scroll of immolation {unknown}
 s - a scroll of enchant weapon {unknown}
Potions
 b - a potion of lignification
 f - 4 potions of curing {unknown}
 n - a potion of mutation {unknown}


   Skills:
 + Level 1.2 Fighting
 - Level 2.0 Dodging
 + Level 1.4 Stealth
 + Level 4.1 Unarmed Combat
 - Level 3.1 Shapeshifting


You had 3 spell levels left.
You didn't know any spells.
Your spell library contained the following spells:

 Spells                   Type           Power      Damage    Failure   Level
 Apportation              Tloc           0%         N/A       36%         1
 Necrotise                Necr           0%         1d4       36%         1
 Summon Small Mammal      Summ           0%         N/A       36%         1
 Blink                    Tloc           0%         N/A       50%         2
 Lesser Beckoning         Tloc           0%         N/A       50%         2
 Momentum Strike          Conj/Tloc      0%         3d8       50%         2
 Tukima's Dance           Hex            0%         N/A       75%         3
 Passage of Golubria      Tloc           0%         N/A       98%         4
 Yara's Violent Unravell  Hex/Tmut       0%         3d3       100%        5


Dungeon Overview and Level Annotations

Branches:
Dungeon (3/15)

Altars:

Annotations:
D:3 Sigmund


Innate Abilities, Weirdness & Mutations

You are a hulking beast.
Your limbs bulge with bestial killing power. (Slay +2)
You have very sharp fingernails.
You sometimes gain a little power by taking damage.


Message History

There are monsters nearby!
You claw the orc!
You kill the orc!
An orc comes into view.
It is wielding a +2 flail of holy wrath.
Sigmund the Dreaded comes into view.
He is wielding a +0 scythe of venom.
You barely miss the orc.
Sigmund shouts!
Sigmund casts a spell.
Sigmund flickers and vanishes!
Deactivating autopickup; reactivate with Ctrl-A.
You barely miss the orc. You claw the orc!
You kill the orc!
You scratch the orc.
The orc is moderately wounded.
The orc closely misses you.
You scratch the orc.
The orc is severely wounded.
The orc hits you with a +0 hand axe of flaming.
The orc burns you.
You scratch the orc.
You kill the orc!
You closely miss the orc.
A magic dart appears from out of thin air!
The magic dart hits you!
You scratch the orc.
The orc is almost dead.
You closely miss the orc.
The orc is almost dead.
The orc hits you with a +2 flail of holy wrath.
You convulse.
Something hits you!
* * * LOW HITPOINT WARNING * * *
You are lethally poisoned!
You are too injured to fight recklessly!
You are too injured to fight recklessly!
You are too injured to fight recklessly!
You are too injured to fight recklessly!
You are too injured to fight recklessly!
The orc attacks as you move away! The orc misses you.
You die...

# #.###### ###.
#.#.... ....
#.....# .....
#.....# ......
#.....##......
#.!....o......
#...#+#ho#{.....
.######.#..#
.....
...........#
.... ######.#..#
.#.
#...##.#..#### #
..##
#...##.#......
##....
#............#
#<....##
##............#
. ..#.#..
#...............
.. ......


You could see 2 orcs.

Vanquished Creatures
  3 adders (D:2)
  2 worms (D:2)
  2 dart slugs (D:3)
  3 orcs (D:3)
  8 bats
  5 endoplasms
  2 giant cockroaches (D:2)
  2 goblins
  10 hobgoblins
  3 jackals
  4 quokkas
  7 ball pythons
  7 frilled lizards
  11 kobolds
  8 rats
77 creatures vanquished.

Notes
Turn   | Place    | Note
-------+----------+-------------------------------------------
     0 | D:1      | dialectric the Demonspawn Shapeshifter began the quest for
                  | the Orb.
     0 | D:1      | Reached XP level 1. HP: 15/15 MP: 1/1
   144 | D:1      | Reached skill level 3 in Unarmed Combat
   148 | D:1      | Gained mutation: You sometimes gain a little power by
                  | taking damage. [demonic ancestry]
   148 | D:1      | Reached XP level 2. HP: 21/21 MP: 2/2
   857 | D:2      | Gained mutation: You have sharp fingernails. [demonic
                  | ancestry]
   857 | D:2      | Reached XP level 3. HP: 24/26 MP: 3/3
  1542 | D:2      | Gained mutation: You have very sharp fingernails. [demonic
                  | ancestry]
  1542 | D:2      | Reached XP level 4. HP: 25/32 MP: 4/4
  1773 | D:2      | Reached skill level 1 in Stealth
  1823 | D:2      | Reached skill level 4 in Unarmed Combat
  2137 | D:3      | Noticed Sigmund
  2147 | D:3      | Succumbed to Sigmund's poison

Illustrated notes

Levels and vault maps discovered:
D:1:      matt_arrival_los_fun, layout_loops_ring
D:2:      minmay_skewed_foursquare, layout_basic, minmay_fractal_squares_5
D:3:      kennysheep_six_static_rooms, layout_basic,
          dilly_ecumenical_altar_fadedgnrine, amethyst_killhole, minivault_19,
          bh_walls_and_bars, uniq_sigmund

Skill      XL: |  1  2  3  4 |
---------------+-------------+-----
Unarmed Combat | 3 4 |  4.1
Shapeshifting  | 3 |  3.1
Dodging        | 2 |  2.0
Stealth        | 1 |  1.4
Fighting       | |  1.2

Action                     |  1- 3 |  4- 6 || total
---------------------------+-------+-------++-------
  Melee: Unarmed           |   137 |    58 ||   195
         Punch             |     4 |       ||     4
   Stab: Sleeping          |     4 |     2 ||     6
 Armour: Animal skin       |    20 |     4 ||    24
  Dodge: Dodged            |    94 |    26 ||   120

Table legend: (Time is in decaauts)
 A = Elapsed time spent in this place.
 B = Non-inter-level travel time spent in this place.
 C = Inter-level travel time spent in this place.
 D = Time resting spent in this place.
 E = Time spent auto-exploring this place.
 F = Levels seen in this place.
 G = Mean time per level.
                   A        B        C        D        E       F      G
               +--------+--------+--------+--------+--------+-----+--------+
         Total |   2134 |   2090 |     44 |      0 |   1672 |   3 |  711.3 |
       Dungeon |   2134 |   2090 |     44 |      0 |   1672 |   3 |  711.3 |
               +--------+--------+--------+--------+--------+-----+--------+

Top non-repeatable levels by time:
     D:2: 1164 daAuts
     D:1: 798 daAuts
     D:3: 171 daAuts
